 Dungeon Crawl Stone Soup version 0.21-a0-85-ga0cb861 (webtiles) character file.

82 nikopol the Conjurer (level 4, -7/24 HPs)
             Began as a Deep Elf Conjurer on June 25, 2017.
             Mangled by Sigmund
             ... wielding a +1 scythe of protection
              (9 damage)
             ... on level 2 of the Dungeon.
             The game lasted 00:08:04 (1780 turns).

nikopol the Conjurer (Deep Elf Conjurer)            Turns: 1780, Time: 00:08:05

Health: -7/24      AC:  4    Str:  5    XL:     4   Next: 21%
Magic:  1/11       EV: 13    Int: 21    God:
Gold:   62         SH:  0    Dex: 15    Spells: 7/10 levels left

rFire    . . .     SeeInvis .   f - +0 short sword
rCold    . . .     Gourm    .   (no shield)
rNeg     + . .     Faith    .   h - +2 robe {rN+}
rPois    .         Spirit   .   (no helmet)
rElec    .         Reflect  .   (no cloak)
rCorr    .         Harm     .   (no gloves)
MR       .....                  (no boots)
Stlth    +.........             (no amulet)
HPRegen  0.08/turn              (no ring)
MPRegen  0.12/turn              (no ring)

@: confused
A: no striking features
a: no special abilities


You were on level 2 of the Dungeon.
You were hungry.

You visited 1 branch of the dungeon, and saw 2 of its levels.

You collected 62 gold pieces.

Inventory:

Hand Weapons
 f - a +0 short sword (weapon)
Missiles
 g - a throwing net (quivered)
Armour
 a - a +0 robe
 h - a +2 robe of positive energy (worn)
Scrolls
 d - 2 scrolls of teleportation {unknown}
 l - a scroll of immolation {unknown}
Potions
 e - a potion of cancellation {unknown}
 k - a potion of curing {unknown}
Books
 b - a book of Conjurations

   Spells                             Type                      Level
   a - Magic Dart                     Conjuration                  1
   b - Searing Ray                    Conjuration                  2
   c - Dazzling Spray                 Conjuration/Hexes            3
   d - Fulminant Prism                Conjuration/Hexes            4
   e - Force Lance                    Conjuration/Translocation    4
   f - Iskenderun's Mystic Blast      Conjuration                  4
Comestibles
 c - a bread ration
 i - 2 chunks of flesh
 j - 2 fruits


   Skills:
 + Level 2.8 Dodging
 + Level 2.9 Stealth
 + Level 3.8 Spellcasting
 + Level 5.6 Conjurations


You had 7 spell levels left.
You knew the following spells:

 Your Spells              Type           Power        Failure   Level  Hunger
a - Magic Dart            Conj           ####         1%          1    None
b - Searing Ray           Conj           ####..       1%          2    #......


Dungeon Overview and Level Annotations

Branches:
Dungeon (2/15)

Altars:

Annotations:
D:2 Sigmund


Message History

Unknown command.
Unknown command.
Unknown command.
Casting: Searing Ray
Confirm with . or Enter, or press ? or * to list all spells.
You don't know that spell.
Casting: Searing Ray
Confirm with . or Enter, or press ? or * to list all spells.
You don't have enough magic to cast that spell.
Something hits you.
* * * LOW HITPOINT WARNING * * *
You miss something.
You hear some strange, mumbled words.
You are confused.
Something hits you.
* * * LOW HITPOINT WARNING * * *
You bump into the rock wall.
You bump into the rock wall.
Something barely misses you.
You bump into the rock wall.
Something hits you!
You die...

#..<....+ ...
#.......###...
#.............
#....#........
#.##.#........
#.##.'........
#####.####.....#.
#..............#
#@###..........#
#.#............#
#.#.#..........#
#.#.#.#+#[#+####..
#.#.#.#.#+#+####..
#.#.#.............
#.#.###...........
#.#...'...........
##.#####.........##


There were no monsters in sight!

Vanquished Creatures
  An adder (D:2)
  An ooze (D:1)
  A worm (D:2)
  A dart slug (D:1)
  5 leopard geckos
  6 bats
  4 giant cockroaches
  3 hobgoblins (D:1)
  10 jackals (D:1)
  6 kobolds (D:1)
  A frilled lizard (D:1)
  8 goblins
  4 rats
51 creatures vanquished.

Notes
Turn   | Place    | Note
-------+----------+-------------------------------------------
     0 | D:1      | nikopol the Deep Elf Conjurer began the quest for the Orb.
     0 | D:1      | Reached XP level 1. HP: 10/10 MP: 6/6
   127 | D:1      | Reached XP level 2. HP: 15/15 MP: 5/8
   158 | D:1      | Reached skill level 5 in Conjurations
   430 | D:1      | Reached XP level 3. HP: 19/19 MP: 1/9
   716 | D:1      | Learned a level 2 spell: Searing Ray
  1577 | D:2      | Reached XP level 4. HP: 23/24 MP: 3/11
  1708 | D:2      | Found a faded altar of an unknown god.
  1722 | D:2      | Noticed Sigmund
  1780 | D:2      | Mangled by Sigmund

Vault maps used:
D:1:      saegor_arrival_simple_b, minmay_misc_feat_enclosed
D:2:      chequers_ecumenical_altar_simple, uniq_sigmund, uniq_natasha

Skill      XL: |  1  2 |
---------------+-------+-----
Conjurations   | 5 |  5.6
Dodging        | |  2.8
Stealth        | |  2.9
Spellcasting   | |  3.8

Action                   |  1- 3 |  4- 6 || total
-------------------------+-------+-------++-------
Melee: Short sword       |    12 |     1 ||    13
 Cast: Magic Dart        |    97 |    16 ||   113
       Searing Ray       |     1 |     2 ||     3
  Eat: Chunk             |     2 |       ||     2
Armor: Robe              |     9 |       ||     9
Dodge: Dodged            |    32 |     2 ||    34
